TOP OF THE 1ST |
Miami Marlins batting - Pitching for New York Mets : RHP Apostolos Tsatsos
|
Pitching: RHP Apostolos Tsatsos
|
|
Batting: RHB Roger Salazar
|
0-0: Called Strike 0-1: Foul Ball, location: 2F 0-2: Ball 1-2: Foul Ball, location: 2F 1-2: Foul Ball, location: 2F 1-2: Foul Ball, location: 2F 1-2: Strikes out swinging
|
Batting: LHB Jose Bregaro
|
0-0: Called Strike 0-1: Ball 1-1: Called Strike 1-2: Strikes out swinging
|
Batting: LHB Andre Gorter
|
0-0: Ground out 4-3 (Groundball, 4, EV 106.2 MPH)
|
Top of the 1st over - 0 runs, 0 hits, 0 errors, 0 left on base; Miami 0 - New York 0 |
BOTTOM OF THE 1ST |
New York Mets batting - Pitching for Miami Marlins : RHP Tim Barnett
|
Pitching: RHP Tim Barnett
|
|
Batting: RHB Finn Ross
|
0-0: Swinging Strike 0-1: Swinging Strike 0-2: Ball 1-2: Foul Ball, location: 2F 1-2: Foul Ball, location: 2F 1-2: Strikes out swinging
|
Batting: RHB Josh Jones
|
0-0: Ball 1-0: Foul Ball, location: 2F 1-1: SINGLE (Groundball, 25, EV 71.2 MPH) (infield hit)
|
Batting: LHB Chris Ringwood
|
0-0: Ball 1-0: Ball 2-0: Swinging Strike 2-1: Ball 3-1: Base on Balls Josh Jones to second
|
Batting: RHB Jeff Jank
|
0-0: Ball 1-0: Ball 2-0: Called Strike 2-1: Foul Ball, location: 2F 2-2: Fly out, F9 (Flyball, 9, EV 98.8 MPH)
|
Batting: LHB Kyle Beaulieu
|
0-0: Foul Ball, location: 2F 0-1: Foul Ball, location: 2F 0-2: Ground out 1-3 (Groundball, 15S, EV 63.8 MPH)
|
Bottom of the 1st over - 0 runs, 1 hit, 0 errors, 2 left on base; Miami 0 - New York 0 |
TOP OF THE 2ND |
Miami Marlins batting - Pitching for New York Mets : RHP Apostolos Tsatsos
|
Batting: LHB Adam Durgin
|
0-0: Ball 1-0: Foul Ball, location: 2F 1-1: Ground out 5-3 (Groundball, 56S, EV 81.9 MPH)
|
Batting: RHB Bert Clark
|
0-0: Foul Ball, location: 2F 0-1: Ball 1-1: Ball 2-1: Ball 3-1: Base on Balls
|
Batting: RHB Mike Gar
|
0-0: Fly out, F3 (Popup, 23F, EV 86.9 MPH)
|
Batting: RHB Alberto Cotto
|
0-0: Foul Ball, location: 2F 0-1: Swinging Strike 0-2: Ball 1-2: Strikes out swinging
|
Top of the 2nd over - 0 runs, 0 hits, 0 errors, 1 left on base; Miami 0 - New York 0 |
BOTTOM OF THE 2ND |
New York Mets batting - Pitching for Miami Marlins : RHP Tim Barnett
|
Batting: RHB Antonio Aranda
|
0-0: Swinging Strike 0-1: Ball 1-1: Called Strike 1-2: Fly out, F4 (Popup, 4MD, EV 50.0 MPH)
|
Batting: SHB Jason Larson
|
0-0: Ball 1-0: Called Strike 1-1: Ball 2-1: Foul Ball, location: 2F 2-2: Ball 3-2: Ground out U3 (Groundball, 3, EV 86.9 MPH)
|
Batting: RHB Chris Torlak
|
0-0: Fly out, F5 (Flyball, 5D, EV 91.2 MPH)
|
Bottom of the 2nd over - 0 runs, 0 hits, 0 errors, 0 left on base; Miami 0 - New York 0 |
TOP OF THE 3RD |
Miami Marlins batting - Pitching for New York Mets : RHP Apostolos Tsatsos
|
Batting: SHB Jordan Barragan
|
0-0: Ball 1-0: Ball 2-0: Ground out U3 (Groundball, 13, EV 88.1 MPH)
|
Batting: RHB Rafael Irizarry
|
0-0: Called Strike 0-1: Foul Ball, location: 2F 0-2: Strikes out swinging
|
Batting: RHB Roger Salazar
|
0-0: Ball 1-0: Called Strike 1-1: Foul Ball, location: 2F 1-2: Ball 2-2: Strikes out swinging
|
Top of the 3rd over - 0 runs, 0 hits, 0 errors, 0 left on base; Miami 0 - New York 0 |
BOTTOM OF THE 3RD |
New York Mets batting - Pitching for Miami Marlins : RHP Tim Barnett
|
Batting: LHB Fabiano Perrolas
|
0-0: Ball 1-0: SINGLE (Groundball, 4M, EV 96.2 MPH) (infield hit)
|
Batting: RHB Finn Ross
|
0-0: Bunted foul 0-1: Ball 1-1: Called Strike 1-2: Strikes out swinging
|
Batting: RHB Josh Jones
|
0-0: Ball 1-0: Ball 2-0: Foul Ball, location: 2F 2-1: Called Strike 2-2: Fielders Choice at 2nd, 4-6 (Groundball, 34, EV 105.0 MPH)
|
Batting: LHB Chris Ringwood
|
0-0: Ball 1-0: Ball Josh Jones steals 2nd, throwing error, E2 Josh Jones to third 2-0: Called Strike 2-1: SINGLE (Groundball, 25, EV 70.0 MPH) (infield hit) Josh Jones scores
|
Batting: RHB Jeff Jank
|
0-0: Called Strike 0-1: Ball 1-1: Called Strike Chris Ringwood steals 2nd base 1-2: Ground out 6-3 (Groundball, 6, EV 80.6 MPH)
|
Bottom of the 3rd over - 1 run, 2 hits, 1 error, 1 left on base; Miami 0 - New York 1 |
TOP OF THE 4TH |
Miami Marlins batting - Pitching for New York Mets : RHP Apostolos Tsatsos
|
Batting: LHB Jose Bregaro
|
0-0: Called Strike 0-1: Called Strike 0-2: Foul Ball, location: 2F 0-2: Ground out 3-1 (Groundball, 34S, EV 84.4 MPH)
|
Batting: LHB Andre Gorter
|
0-0: Called Strike 0-1: Foul Ball, location: 2F 0-2: Ground out 4-3 (Groundball, 34D, EV 111.2 MPH)
|
Batting: LHB Adam Durgin
|
0-0: Swinging Strike 0-1: Foul Ball, location: 2F 0-2: Strikes out swinging
|
Top of the 4th over - 0 runs, 0 hits, 0 errors, 0 left on base; Miami 0 - New York 1 |
BOTTOM OF THE 4TH |
New York Mets batting - Pitching for Miami Marlins : RHP Tim Barnett
|
Batting: LHB Kyle Beaulieu
|
0-0: Ball 1-0: Ball 2-0: Fly out, F8 (Flyball, 8LM, EV 90.6 MPH)
|
Batting: RHB Antonio Aranda
|
0-0: Called Strike 0-1: Ball 1-1: Ball 2-1: Ball 3-1: Base on Balls
|
Batting: SHB Jason Larson
|
0-0: Ball 1-0: Ground out 4-3 (Groundball, 34D, EV 106.9 MPH) Antonio Aranda to second
|
Batting: RHB Chris Torlak
|
0-0: Ball 1-0: Swinging Strike 1-1: Foul Ball, location: 2F 1-2: Strikes out looking
|
Bottom of the 4th over - 0 runs, 0 hits, 0 errors, 1 left on base; Miami 0 - New York 1 |
TOP OF THE 5TH |
Miami Marlins batting - Pitching for New York Mets : RHP Apostolos Tsatsos
|
Batting: RHB Bert Clark
|
0-0: Ball 1-0: Ball 2-0: Called Strike 2-1: Fly out, F7 (Flyball, 7S, EV 76.9 MPH)
|
Batting: RHB Mike Gar
|
0-0: Called Strike 0-1: Ball 1-1: Foul Ball, location: 2F 1-2: Strikes out swinging
|
Batting: RHB Alberto Cotto
|
0-0: Foul Ball, location: 2F 0-1: Foul Ball, location: 2F 0-2: Foul Ball, location: 2F 0-2: SOLO HOME RUN (Flyball, 7D, EV 101.2 MPH), Distance : 375 ft
|
Batting: SHB Jordan Barragan
|
0-0: Foul Ball, location: 2F 0-1: Called Strike 0-2: Ball 1-2: Ground out 6-3 (Groundball, 6, EV 108.8 MPH)
|
Top of the 5th over - 1 run, 1 hit, 0 errors, 0 left on base; Miami 1 - New York 1 |
BOTTOM OF THE 5TH |
New York Mets batting - Pitching for Miami Marlins : RHP Tim Barnett
|
Batting: LHB Fabiano Perrolas
|
0-0: Foul Ball, location: 2F 0-1: Ball 1-1: Ground out 4-3 (Groundball, 34, EV 78.8 MPH)
|
Batting: RHB Finn Ross
|
0-0: DOUBLE (Groundball, 5L, EV 102.5 MPH)
|
Batting: RHB Josh Jones
|
0-0: Ball Finn Ross steals 3rd base 1-0: SINGLE (Line Drive, 8RS, EV 97.5 MPH) Finn Ross scores
|
Batting: LHB Chris Ringwood
|
0-0: Ball Josh Jones steals 2nd base 1-0: Intentional Walk
|
Batting: RHB Jeff Jank
|
0-0: Called Strike Josh Jones steals 3rd base Chris Ringwood to second 0-1: Swinging Strike 0-2: Ball 1-2: Fly out, F9 (Flyball, 9LM, EV 88.8 MPH)
|
Batting: LHB Kyle Beaulieu
|
0-0: Intentional Walk
|
Batting: RHB Antonio Aranda
|
0-0: Ball 1-0: Foul Ball, location: 2F 1-1: Ball 2-1: Ground out 5-3 (Groundball, 56S, EV 85.0 MPH)
|
Bottom of the 5th over - 1 run, 2 hits, 0 errors, 3 left on base; Miami 1 - New York 2 |
TOP OF THE 6TH |
Miami Marlins batting - Pitching for New York Mets : RHP Apostolos Tsatsos
|
Batting: RHB Rafael Irizarry
|
0-0: Foul Ball, location: 2F 0-1: Ground out 5-3 (Groundball, 5, EV 90.0 MPH)
|
Batting: RHB Roger Salazar
|
0-0: Ball 1-0: Swinging Strike 1-1: Called Strike 1-2: SINGLE (Groundball, 4MD, EV 108.8 MPH)
|
Batting: LHB Jose Bregaro
|
0-0: Ball 1-0: Ball 2-0: Ball 3-0: Base on Balls Roger Salazar to second
|
DELAY
|
Rain delay of 15 minutes in the 6th inning.
|
Batting: LHB Andre Gorter
|
0-0: Ball 1-0: Called Strike 1-1: Foul Ball, location: 2F 1-2: SINGLE (Flyball, 4MD, EV 95.6 MPH) Roger Salazar to third Jose Bregaro to second
|
Batting: LHB Adam Durgin
|
0-0: Foul Ball, location: 2F 0-1: Ball 1-1: Fly out, F8 (Line Drive, 78D, EV 97.5 MPH) Runner from 3rd tags up, SCORES, no throw by CF
|
Batting: RHB Bert Clark
|
0-0: Fly out, F8 (Flyball, 8RD, EV 98.1 MPH)
|
Top of the 6th over - 1 run, 2 hits, 0 errors, 2 left on base; Miami 2 - New York 2 |
BOTTOM OF THE 6TH |
New York Mets batting - Pitching for Miami Marlins : RHP Tim Barnett
|
Batting: SHB Jason Larson
|
0-0: Ball 1-0: Called Strike 1-1: Ball 2-1: Ball 3-1: Base on Balls
|
Batting: RHB Chris Torlak
|
0-0: Fly out, F8 (Flyball, 8LM, EV 96.9 MPH)
|
Batting: LHB Fabiano Perrolas
|
0-0: Called Strike 0-1: 2-RUN HOME RUN (Flyball, 89XD, EV 100.0 MPH), Distance : 402 ft
|
Batting: RHB Finn Ross
|
0-0: Ball 1-0: Ball 2-0: Foul Ball, location: 2F 2-1: Swinging Strike 2-2: Fly out, F4 (Popup, 4MD, EV 64.4 MPH)
|
Batting: RHB Josh Jones
|
0-0: Ground out 4-3 (Groundball, 4, EV 85.0 MPH)
|
Bottom of the 6th over - 2 runs, 1 hit, 0 errors, 0 left on base; Miami 2 - New York 4 |
TOP OF THE 7TH |
Miami Marlins batting - Pitching for New York Mets : RHP Apostolos Tsatsos
|
Batting: RHB Mike Gar
|
0-0: Called Strike 0-1: Ball 1-1: Ball 2-1: Fly out, F8 (Line Drive, 8RM, EV 86.9 MPH)
|
Batting: RHB Alberto Cotto
|
0-0: Foul Ball, location: 2F 0-1: Ball 1-1: Called Strike 1-2: Foul Ball, location: 2F 1-2: Strikes out swinging
|
Batting: SHB Jordan Barragan
|
0-0: Ground out 5-3 (Groundball, 56, EV 105.6 MPH)
|
Top of the 7th over - 0 runs, 0 hits, 0 errors, 0 left on base; Miami 2 - New York 4 |
BOTTOM OF THE 7TH |
New York Mets batting - Pitching for Miami Marlins : RHP Tim Barnett
|
Pitching: RHP Chris Funderburg
|
|
Batting: LHB Chris Ringwood
|
0-0: Foul Ball, location: 2F 0-1: Ball 1-1: Fly out, F7 (Flyball, 7, EV 94.4 MPH)
|
Batting: RHB Jeff Jank
|
0-0: Called Strike 0-1: Ball 1-1: Foul Ball, location: 2F 1-2: Ball 2-2: Foul Ball, location: 2F 2-2: Foul Ball, location: 2F 2-2: Foul Ball, location: 2F 2-2: Ball 3-2: Strikes out swinging
|
Batting: LHB Kyle Beaulieu
|
0-0: Called Strike 0-1: Ball 1-1: Ball 2-1: Swinging Strike 2-2: Ball 3-2: Ground out 4-3 (Groundball, 4, EV 81.2 MPH)
|
Bottom of the 7th over - 0 runs, 0 hits, 0 errors, 0 left on base; Miami 2 - New York 4 |
TOP OF THE 8TH |
Miami Marlins batting - Pitching for New York Mets : RHP Apostolos Tsatsos
|
Batting: RHB Rafael Irizarry
|
0-0: Fly out, F7 (Flyball, 7LS, EV 85.6 MPH)
|
Batting: RHB Roger Salazar
|
0-0: Foul Ball, location: 2F 0-1: Ball 1-1: Ball 2-1: Ball 3-1: Called Strike 3-2: Foul Ball, location: 2F 3-2: Strikes out swinging
|
Batting: LHB Jose Bregaro
|
0-0: Ball 1-0: Foul Ball, location: 2F 1-1: Ball 2-1: Fly out, F8 (Flyball, 8RD, EV 83.1 MPH)
|
Top of the 8th over - 0 runs, 0 hits, 0 errors, 0 left on base; Miami 2 - New York 4 |
BOTTOM OF THE 8TH |
New York Mets batting - Pitching for Miami Marlins : RHP Chris Funderburg
|
Batting: RHB Antonio Aranda
|
0-0: Called Strike 0-1: Called Strike 0-2: Ground out 5-3 (Groundball, 56, EV 80.6 MPH)
|
Batting: SHB Jason Larson
|
0-0: Called Strike 0-1: Swinging Strike 0-2: Ball 1-2: Foul Ball, location: 2F 1-2: Ball 2-2: Foul Ball, location: 2F 2-2: Strikes out looking
|
Batting: RHB Chris Torlak
|
0-0: Ball 1-0: Swinging Strike 1-1: Called Strike 1-2: Strikes out swinging
|
Bottom of the 8th over - 0 runs, 0 hits, 0 errors, 0 left on base; Miami 2 - New York 4 |
TOP OF THE 9TH |
Miami Marlins batting - Pitching for New York Mets : RHP Apostolos Tsatsos
|
Pitching: LHP Ken Dewey
|
|
Now at 1B: Billy Walker
|
|
Batting: LHB Andre Gorter
|
0-0: Ball 1-0: Swinging Strike 1-1: Called Strike 1-2: Strikes out swinging
|
Batting: RHB Jimmy Groseclose
|
0-0: Ball 1-0: Ball 2-0: Ball 3-0: Called Strike 3-1: Foul Ball, location: 2F 3-2: Base on Balls
|
Batting: RHB Bert Clark
|
0-0: Called Strike 0-1: Ball 1-1: Foul Ball, location: 2F 1-2: Strikes out looking
|
Batting: RHB Mike Gar
|
0-0: Called Strike 0-1: Ball 1-1: Swinging Strike 1-2: Strikes out swinging
|
Top of the 9th over - 0 runs, 0 hits, 0 errors, 1 left on base; Miami 2 - New York 4 |
|